 Dungeon Crawl Stone Soup version 0.17-a0-1984-g55f5988 (webtiles) character file.

669 Ordine the Cruncher (level 7, -4/84 HPs)
             Began as a Minotaur Gladiator on Oct 6, 2015.
             Slain by a slave (6 damage)
             ... led by Pikel
             ... on level 4 of the Dungeon.
             The game lasted 00:06:10 (2357 turns).

Ordine the Cruncher (Minotaur Gladiator)            Turns: 2357, Time: 00:06:10

Health: -4/84      AC: 23    Str: 19    XL:     7   Next: 32%
Magic:  6/6        EV:  2    Int:  5    God:
Gold:   188        SH:  0    Dex: 13    Spells: 0 memorised, 6 levels left

rFire  . . .     SeeInvis .     a - +0 quarterstaff
rCold  . . .     Clarity  .     (armour currently unavailable)
rNeg   + + +     SustAt   +     (no shield)
rPois  +         Gourm    .     (helmet currently unavailable)
rElec  .         Spirit   .     (cloak currently unavailable)
rCorr  .         Warding  .     (gloves currently unavailable)
rMut   .         NoTele   +     (boots currently unavailable)
MR     .....                    (no amulet)
Stlth  +.........               (no ring)
                                q - ring of sustain attributes

@: lethally poisoned (-4 -> -5), tree-form, not resistant to hostile
enchantments, very unstealthy
A: (retaliatory headbutt), (horns 0)
a: no special abilities


You were on level 4 of the Dungeon.
You were not hungry.
You were a tree.
You visited 1 branch of the dungeon, and saw 4 of its levels.

You collected 188 gold pieces.

Inventory:

Hand Weapons
 a - a +0 quarterstaff (weapon)
Missiles
 d - 4 throwing nets (quivered)
Armour
 c - a +0 hat (melded)
 h - a +0 pair of gloves (melded)
 i - a +0 chain mail (melded)
 r - a +0 pair of boots (melded)
Jewellery
 q - a ring of sustain attributes (left branch)
Wands
 p - a wand of digging (12)
Scrolls
 g - 3 scrolls of remove curse
Potions
 f - 2 potions of brilliance {unknown}
 m - a potion of ambrosia {unknown}
 n - a potion of lignification
Comestibles
 b - a slice of pizza
 e - 3 bread rations


   Skills:
 - Level 2.4 Fighting
 + Level 10.2 Staves
 - Level 2.0 Throwing
 - Level 3.2 Dodging


You had 6 spell levels left.
You didn't know any spells.

Dungeon Overview and Level Annotations

Branches:
Dungeon (4/15)
 Temple: D:4-7

Altars:
Ashenzari
The Shining One

Annotations:
D:4 Pikel


Innate Abilities, Weirdness & Mutations

((You reflexively headbutt those who attack you in melee.))
((You have a pair of horns on your head.))


Message History

Pikel hits you but does no damage. The slave hits you but does no damage.
The slave hits you but does no damage.
You closely miss Pikel.
Pikel is almost dead.
The slave hits you.
* * * LOW HITPOINT WARNING * * *
The slave hits you.
* * * LOW HITPOINT WARNING * * *
The slave hits you but does no damage. Pikel waves his whip at you.
Pikel hits you with a whip of flaming.
* * * LOW HITPOINT WARNING * * *
Pikel burns you.
* * * LOW HITPOINT WARNING * * *
Unknown command.
You closely miss Pikel.
Pikel is almost dead.
You feel sick. The slave hits you but does no damage.
The slave hits you but does no damage. The slave hits you.
You die...

##### #### ##...###..##
.. # #>.........###...
..#######...............
...........###...#.#....
#....pp†..........#.#..
###..K♣p.###....#......
#..†p.)..............
.............####.......
.###......#.## ##......
#.........# #......
.........#.######......
.......................#
.#..............##..####
.###.##......


You could see Pikel and 4 slaves.

Vanquished Creatures
  The ghost of Vergil the Bolt Thrower, an amateur DsHu (D:3)
  Menkaure (D:4)
  A black bear (D:4)
  Blork the orc (D:4)
  A scorpion (D:4)
  An iguana (D:4)
  A worker ant (D:4)
  4 gnolls (D:4)
  5 adders
  An adder skeleton (D:4)
  2 worms (D:2)
  4 giant geckos
  3 orcs (D:3)
  2 ball pythons (D:4)
  6 giant cockroaches
  10 hobgoblins
  2 jackals (D:1)
  A quokka (D:3)
  9 bats
  5 giant newts
  10 goblins
  9 kobolds
  5 rats
85 creatures vanquished.

Notes
Turn   | Place    | Note
--------------------------------------------------------------
     0 | D:1      | Ordine the Minotaur Gladiator began the quest for the Orb.
     0 | D:1      | Reached XP level 1. HP: 18/18 MP: 0/0
    23 | D:1      | Reached skill level 4 in Staves
    67 | D:1      | Reached XP level 2. HP: 25/25 MP: 1/1
   271 | D:1      | Reached skill level 5 in Staves
   349 | D:1      | Found a glowing golden altar of the Shining One.
   533 | D:2      | Reached XP level 3. HP: 30/30 MP: 2/2
   816 | D:2      | Reached XP level 4. HP: 33/37 MP: 3/3
  1024 | D:2      | Reached skill level 6 in Staves
  1088 | D:3      | Noticed Vergil's ghost (amateur DsHu)
  1100 | D:3      | Killed Vergil's ghost
  1100 | D:3      | Reached skill level 7 in Staves
  1100 | D:3      | Reached XP level 5. HP: 17/42 MP: 4/4
  1615 | D:3      | Found a shattered altar of Ashenzari.
  1810 | D:4      | Noticed Blork the orc
  1813 | D:4      | Reached skill level 8 in Staves
  1818 | D:4      | Reached XP level 6. HP: 32/50 MP: 5/5
  1828 | D:4      | Killed Blork the orc
  2084 | D:4      | Noticed a black bear
  2086 | D:4      | Reached skill level 9 in Staves
  2087 | D:4      | Noticed Menkaure
  2088 | D:4      | Killed a black bear
  2096 | D:4      | Killed Menkaure
  2096 | D:4      | Reached XP level 7. HP: 15/56 MP: 6/6
  2325 | D:4      | Noticed a slave
  2325 | D:4      | Noticed a slave
  2327 | D:4      | Noticed Pikel
  2328 | D:4      | Noticed a slave
  2329 | D:4      | Reached skill level 10 in Staves
  2331 | D:4      | Noticed a slave
  2356 | D:4      | HP: 4/84 [Pikel/whip of flaming (3)]
  2357 | D:4      | Slain by a slave

Vault maps used:
D:1:      shiori_shiawase, tso_metal_star
D:3:      old_standard_altar, minmay_bisected
D:4:      nicolae_overflow_hidden_temple, lemuel_temple_firewalk_marked,
          first_bread, hangedman_decor_peaks_small, uniq_menkaure, uniq_natasha,
          uniq_pikel, uniq_blork_the_orc

Action                   |  1- 3 |  4- 6 |  7- 9 || total
-------------------------+-------+-------+-------++-------
Melee: Quarterstaff      |    84 |   113 |    28 ||   225
  Use: Scroll            |       |    10 |       ||    10
       Potion            |       |     1 |     2 ||     3
  Eat: Chunk             |       |     4 |     1 ||     5
